 Seeded DCSS version 0.29-a0-1008-g949cc1d0fb (webtiles) character file.

Game seed: 20220807 (custom seed)

31 flotson the Sneak (level 3, 0/29 HPs)
             Began as a Demonspawn Delver on Aug 7, 2022.
             Slain by a water moccasin (7 damage)
             ... on level 5 of the Dungeon.
             The game lasted 00:00:41 (191 turns).

flotson the Sneak (Demonspawn Delver)                Turns: 191, Time: 00:00:42

Health: 0/29       AC:  3    Str: 14    XL:     3   Next: 7%
Magic:  3/3        EV: 12    Int: 11    God:
Gold:   7          SH:  0    Dex: 14    Spells: 2/2 levels left

rFire   . . .      SeeInvis .   a - +0 spear
rCold   . . .      Faith    .   (no shield)
rNeg    . . .      Spirit   .   b - +0 leather armour
rPois   .          Reflect  .   (no helmet)
rElec   .          Harm     .   (no cloak)
rCorr   .          Rampage  .   (no gloves)
Will    .....                   (no boots)
Stlth   ++........              (no amulet)
HPRegen 0.09/turn               (no ring)
MPRegen 0.08/turn               (no ring)

@: no status effects
A: weakness stinger 1
a: no special abilities


You were on level 5 of the Dungeon.
You visited 1 branch of the dungeon, and saw 1 of its levels.

You collected 7 gold pieces.

Inventory:

Hand Weapons
 a - a +0 spear (weapon)
Armour
 b - a +0 leather armour (worn)
Wands
 g - a wand of digging (3)
Scrolls
 c - a scroll of fog
 d - a scroll of magic mapping


   Skills:
 + Level 3.3 Fighting
 - Level 1.7 Polearms
 + Level 1.0 Armour
 + Level 2.2 Dodging
 - Level 4.5 Stealth
 + Level 1.2 Evocations


You had 2 spell levels left.
You didn't know any spells.
Your spell library was empty.

Dungeon Overview and Level Annotations

Branches:
Dungeon (5/15)
 Temple: D:4-7

Altars:


Innate Abilities, Weirdness & Mutations

You have a small tail.


Message History

Your experience leads to an increase in your attributes!
Increase (S)trength, (I)ntelligence, or (D)exterity?
You feel stronger. x2
Reach: a) +0 spear
Press: ? - help, Dir - move target, f - orc
Aim: an orc, wielding a +0 hand axe (about 38% to evade your +0 spear)
You reach to attack!
You completely miss the orc. You hit the orc but do no damage.
You tail-slap the orc.
The orc is heavily wounded.
The orc hits you with a +0 hand axe.
* * * LOW HITPOINT WARNING * * *
You hit the orc.
The orc is almost dead.
You barely miss the orc. You tail-slap the orc.
You kill the orc!
You start resting.
Your extra speed is starting to run out.
You start resting.
You feel yourself slow down.
You start resting.
An adder is nearby!
You start resting.
An adder is nearby!
There is a stone staircase leading down here.
You start resting.
An adder is nearby!
Found a fizzy sapphire potion.
You start resting.
An adder is nearby!
A water moccasin comes into view.
The water moccasin hisses angrily.
As you read the scroll of fear, it crumbles to dust.
You assume a fearsome visage.
The water moccasin resists with some effort.
The water moccasin barely misses you. The water moccasin bites you!
* * * LOW HITPOINT WARNING * * *
Found a pair of faintly humming boots.
Found a white marble altar of Elyvilon.
The water moccasin attacks as you move away!
The water moccasin barely misses you. The water moccasin bites you!
You die...

# #.#.# ####....
.##S..#########.......
.....S...............
.......>......~~.!♣♣♣P
...#.#######..~~P.....
..##.# ###.P.♣♣.♣♣
.###.# ### #P.♣♣P.P♣♣
.###)###......♣S♣P...P♣.
.........#####♣P@.[_...P
........## ♣.♣.....♣.
.......## #P.♣♣P.P♣♣
#......# #..PP ♣.♣♣
#......# ...~~ P..
#......# ###.~~ ♣P.
#........ #... .
.......... #...
..........


You could see a water moccasin.

Vanquished Creatures
  A hound (D:5)
  An orc (D:5)
2 creatures vanquished.

Notes
Turn   | Place    | Note
-------+----------+-------------------------------------------
     0 | D:5      | flotson the Demonspawn Delver began the quest for the Orb.
     0 | D:5      | Reached XP level 1. HP: 18/18 MP: 1/1
     7 | D:5      | Noticed an ogre
    18 | D:5      | Noticed a hound
    36 | D:5      | Killed a hound
    37 | D:5      | Reached skill level 1 in Armour
    37 | D:5      | Reached skill level 1 in Evocations
    37 | D:5      | Gained mutation: You have a small tail. [demonic ancestry]
    37 | D:5      | Reached XP level 2. HP: 2/24 MP: 2/2
    37 | D:5      | Reached XP level 3. HP: 3/29 MP: 3/3
    38 | D:5      | HP: 1/29 [orc/+0 hand axe (2)]
   186 | D:5      | Noticed a water moccasin
   191 | D:5      | Slain by a water moccasin

Illustrated notes

Levels and vault maps discovered:
D:5:      layout_rooms, nicolae_elyvilon_peaceful_grove, uniq_prince_ribbit1,
          uniq_grinder

Skill      XL: |  1 |
---------------+----+-----
Armour         | 1 |  1.0
Dodging        | 2 |  2.2
Evocations     | 1 |  1.2
Fighting       | |  3.3
Polearms       | |  1.7
Stealth        | |  4.5

Action                   || total
-------------------------++-------
Melee: Spear             ||    16
       Tailslap          ||     2
  Use: Potion            ||     1
       Scroll            ||     1
Armor: Leather armour    ||     4
Dodge: Dodged            ||     4

Table legend: (Time is in decaauts)
 A = Elapsed time spent in this place.
 B = Non-inter-level travel time spent in this place.
 C = Inter-level travel time spent in this place.
 D = Time resting spent in this place.
 E = Time spent auto-exploring this place.
 F = Levels seen in this place.
 G = Mean time per level.
                   A        B        C        D        E       F      G
               +--------+--------+--------+--------+--------+-----+--------+
         Total |    176 |    176 |      0 |    130 |      7 |   1 |  176.0 |
       Dungeon |    176 |    176 |      0 |    130 |      7 |   1 |  176.0 |
               +--------+--------+--------+--------+--------+-----+--------+

Top non-repeatable levels by time:
     D:5: 176 daAuts
